 Dungeon Crawl Stone Soup version 0.20.2-3-g29329e0561 (webtiles) character file.

385 Alfie the Covered (level 6, 0/53 HPs)
             Began as a Hill Orc Fighter on Dec 19, 2022.
             Slain by an orc
             ... wielding a +0 morningstar
              (7 damage)
             ... on level 4 of the Dungeon.
             The game lasted 00:07:34 (2008 turns).

Alfie the Covered (Hill Orc Fighter)                Turns: 2008, Time: 00:07:36

Health: 0/53       AC: 10    Str: 19 (21) XL:     6   Next: 77%
Magic:  6/6        EV: 11    Int:  5 (8)  God:
Gold:   142        SH:  9    Dex:  7 (10) Spells: 5/5 levels left

rFire    . . .     SeeInvis .   a - +0 rapier
rCold    . . .     Gourm    .   c - +0 shield
rNeg     . . .     Faith    .   b - +1 scale mail
rPois    .         Spirit   .   (no helmet)
rElec    .         Reflect  .   (no cloak)
rCorr    .         Harm     .   (no gloves)
MR       .....     Clarity  +   (no boots) Stlth ..........Rnd*Tele +
                                (no amulet)
Regen    0.2/turn               q - +3 ring of evasion
MPRegen  0.1/turn               (no ring)

@: no status effects
A: molten scales 1, clarity, teleportitis 1
a: no special abilities


You were on level 4 of the Dungeon.
You were not hungry.

You visited 1 branch of the dungeon, and saw 4 of its levels.

You collected 142 gold pieces.

Inventory:

Hand Weapons
 a - a +0 rapier (weapon)
Missiles
 d - 5 tomahawks
 h - 3 tomahawks of dispersal (quivered)
Armour
 b - a +1 scale mail (worn)
 c - a +0 shield (worn)
Jewellery
 q - a +3 ring of evasion (left hand)
Wands
 i - a wand of paralysis (13/24)
 l - a wand of random effects (42/48)
Scrolls
 e - 3 scrolls of remove curse
 j - a scroll of identify
 t - a scroll of teleportation
Potions
 g - a potion of curing
Comestibles
 f - 6 bread rations
 u - a meat ration


   Skills:
 + Level 4.6 Fighting
 + Level 4.5 Short Blades
 + Level 0.1 Throwing
 + Level 4.7 Armour
 + Level 1.4 Dodging
 + Level 4.3 Shields


You had 5 spell levels left.
You didn't know any spells.

Dungeon Overview and Level Annotations

Branches:
Dungeon (4/15)
 Temple: D:4-7

Altars:
Dithmenos

Annotations:
D:4 Menkaure


Innate Abilities, Weirdness & Mutations

You are partially covered in molten scales. (AC +2)
You possess an exceptional clarity of mind.
You are occasionally teleported next to monsters.


Message History

* * * LOW HITPOINT WARNING * * *
The jelly is heavily wounded.
You block the jelly's attack.
You puncture the jelly!
You kill the jelly!
You are starting to lose your buoyancy.
You float gracefully downwards.
You are suddenly yanked towards some nearby monsters!
Your surroundings suddenly seem different.
An orc comes into view. It is wielding a morningstar.
The orc shouts!
An orc comes into view.
The orc shouts!
An orc comes into view. It is wielding a club.
The orc shouts!
An orc comes into view. It is wielding a dagger.
The orc shouts!
You hear a bark! x3
The adder skeleton closely misses you. You block the orc's attack.
The orc hits you with a morningstar!
You die...

####.#
...#.#
.....######
##
...........
..
.....###...
# .# .....#
. #. .#
.....#
#.##.#####
....##
###...o....#
..[##
#....@Z.#
..##
#.####oo#
.## ..o.. .#
#.#### .# .#
## .. .h ..


You could see 4 orcs, a jackal and an adder skeleton.

Vanquished Creatures
  The ghost of Alfie the Skirmisher, an amateur HOFi (D:3)
  A water moccasin skeleton (D:4)
  A hound (D:4)
  A jelly (D:4)
  2 orc wizards (D:3)
  Ijyb (D:3)
  Natasha (D:4)
  3 adders
  2 worms (D:2)
  2 dart slugs (D:1)
  3 leopard geckos
  2 orcs (D:3)
  5 bats
  A giant cockroach (D:2)
  2 goblins
  6 hobgoblins
  6 jackals (D:3)
  2 kobolds (D:3)
  A quokka (D:3)
  A ball python (D:1)
  6 frilled lizards
  4 rats
54 creatures vanquished.

Notes
Turn   | Place    | Note
-------+----------+-------------------------------------------
     0 | D:1      | Alfie the Hill Orc Fighter began the quest for the Orb.
     0 | D:1      | Reached XP level 1. HP: 19/19 MP: 1/1
   114 | D:1      | Reached XP level 2. HP: 25/27 MP: 2/2
   810 | D:2      | Reached XP level 3. HP: 26/33 MP: 3/3
   819 | D:2      | Found a shadowy altar of Dithmenos.
  1491 | D:3      | Reached XP level 4. HP: 33/40 MP: 4/4
  1526 | D:3      | Noticed Alfie's ghost (amateur HOFi)
  1558 | D:3      | Killed Alfie's ghost
  1558 | D:3      | Reached skill level 1 in Dodging
  1558 | D:3      | Reached XP level 5. HP: 17/47 MP: 5/5
  1633 | D:3      | Reached XP level 6. HP: 29/53 MP: 6/6
  1700 | D:3      | Noticed Ijyb
  1709 | D:3      | Paralysed by Ijyb for 3 turns
  1717 | D:3      | Killed Ijyb
  1935 | D:4      | Noticed Natasha
  1946 | D:4      | Killed Natasha
  1963 | D:4      | Noticed Menkaure
  1978 | D:4      | Gained mutation: You are occasionally teleported next to monsters. [potion of mutation]
  1978 | D:4      | Gained mutation: You possess an exceptional clarity of mind. [potion of mutation]
  1978 | D:4      | Gained mutation: You are partially covered in molten scales. (AC +2) [potion of mutation]
  2008 | D:4      | Slain by an orc

Skill      XL: |  1  2  3  4  5  6 |
---------------+-------------------+-----
Fighting       | 4 |  4.6
Short Blades   | 3 4 |  4.5
Armour         | 4 |  4.7
Dodging        | 1 |  1.4
Shields        | 4 |  4.3
Throwing       | |  0.1

Action                   |  1- 3 |  4- 6 || total
-------------------------+-------+-------++-------
Melee: Rapier            |   125 |    93 ||   218
Throw: Tomahawk          |     3 |       ||     3
  Use: Scroll            |     4 |     9 ||    13
       Potion            |       |     6 ||     6
  Eat: Bread ration      |     1 |       ||     1
Armor: Scale mail        |    51 |    40 ||    91
Dodge: Dodged            |    36 |    41 ||    77
Block: Shield            |    54 |    57 ||   111
